 Dungeon Crawl Stone Soup version 0.31-a0-102-g33a4ccc0cb (webtiles) character file.

Game seed: 5164591613199549205

466383 NateTC the Contaminator (level 25, -11/186 (198) HPs)
             Began as a Djinni Conjurer on May 27, 2023.
             Was the Champion of Jiyva.
             Killed from afar by a Tzitzimitl (50 damage)
             ... with a bolt of negative energy
             ... summoned by a dread lich
             ... on level 5 of the Abyss.
             The game lasted 02:57:28 (34252 turns).

NateTC the Contaminator (Djinni Conjurer)          Turns: 34252, Time: 02:57:29

HP:   -11/186 (198) AC: 19    Str:  7    XL:     25   Next: 6%
Gold: 952           EV: 19    Int: 41    God:    Jiyva [******] SH: 11 Dex: 16

rFire   + + .        G - +3 Elemental Staff {rElec rF+ rC+ AC+3}
rCold   + . .        N - +0 kite shield {reflect}
rNeg    . . .        d - +1 robe of Uskayaw's Hatred {rElec rF- Regen+ Str+4}
rPois   ∞            q - +4 hat of Impressiveness {Dex+2}
rElec   +            V - scarf "Fiwezac" {harm, *Corrode MP+9 Int+2}
rCorr   +            Y - +2 pair of gloves
SInv    .            (boots unavailable)
Will    +++++        Q - amulet of Midwinter {Will+++ Regen+}
Stlth   ++           h - +4 ring of protection
HPRegen 3.71/turn    Z - ring "Soheut" {rC+ rCorr}
MPRegen 0.00/turn

%: corrode self (3%), harm (+30% outgoing, +20% incoming), reflection, infuse
magic (-12 HP)
@: flying, studying Poison Magic, drained
A: sickness immunity, fire resistance 2, cold vulnerability 1, float, innate
caster, HP casting, extra vitality 1, horns 2, iridescent scales 1, agile 1,
clever 2, mutation resistance 2, sense surroundings 2, shaggy fur 1, wild magic
1, pseudopods 1
}: 4/15 runes: decaying, slimy, silver, gossamer
a: Renounce Religion, Oozemancy, Slimify


You were on level 5 of the Abyss.
You worshipped Jiyva.
Jiyva was exalted by your worship.
You visited 10 branches of the dungeon, and saw 47 of its levels.
You visited the Abyss 1 time.
You also visited: Ossuary and Bailey.

You collected 4058 gold pieces.
You spent 3106 gold pieces at shops.

Inventory:

Hand Weapons
 p - a +1 whip of freezing
 G - the +3 Elemental Staff (weapon) {rElec rF+ rC+ AC+3}
   (You bought it in a shop on level 3 of the Elven Halls)

   It enhances your fire, ice, earth and air magic.
   AC:        It affects your AC (+3).
   rF:        It protects you from fire.
   rC:        It protects you from cold.
   rElec:     It insulates you from electricity.
Armour
 d - the +1 robe of Uskayaw's Hatred (worn) {rElec rF- Regen+ Str+4}
   (You found it on level 6 of the Dungeon)

   Str:       It affects your strength (+4).
   rF:        It makes you vulnerable to fire.
   rElec:     It insulates you from electricity.
   Regen:     It increases your rate of health regeneration.
 q - the +4 hat of Impressiveness (worn) {Dex+2}
   (You found it on level 2 of the Spider Nest)

   Dex:       It affects your dexterity (+2).
 u - a scarf of repulsion
 H - +0 fire dragon scales
 L - the +2 robe of Kimiy {Harm Will- Dex+3 Archmagi}
   (You found it on level 5 of the Pits of Slime)

   Dex:       It affects your dexterity (+3).
   Harm:      It increases damage dealt and taken.
   Archmagi:  It increases the power of your magical spells.
   Will:      It decreases your willpower.
 N - a +0 kite shield of reflection (worn)
 V - the scarf "Fiwezac" (worn) {harm, *Corrode MP+9 Int+2}
   (You acquired it on level 2 of the Orcish Mines)

   Int:       It affects your intelligence (+2).
   MP:        It affects your magic capacity (+9).
   *Corrode:  It may corrode you when you take damage.
 Y - a +2 pair of gloves (worn)
Magical Staves
 t - the staff of cold "Raceceen" {rPois rC+ Will- Str+2 Int+8}
   (You acquired it on level 4 of the Spider Nest)

   [staff of cold]

   Base accuracy: +5 Base damage: 5 Base attack delay: 1.2 This weapon's minimum
   attack delay (0.6) is reached at skill level 12.
   Str:       It affects your strength (+2).
   Int:       It affects your intelligence (+8).
   rC:        It protects you from cold.
   rPois:     It protects you from poison.
   Will:      It decreases your willpower.
   It falls into the 'Staves' category.
   It is a one-handed weapon.
 K - the staff of conjuration "Jafics" {Dex+4}
   (You found it on level 5 of the Pits of Slime)

   [staff of conjuration]

   Base accuracy: +5 Base damage: 5 Base attack delay: 1.2 This weapon's minimum
   attack delay (0.6) is reached at skill level 12.
   Dex:       It affects your dexterity (+4).
   It falls into the 'Staves' category.
   It is a one-handed weapon.
Jewellery
 h - a +4 ring of protection (left hand)
 r - a ring of willpower
 D - an amulet of reflection
 P - the amulet "Eced" {rElec Regen+}
   (You found it on level 14 of the Dungeon)

   [amulet of regeneration]

   rElec:     It insulates you from electricity.
   Regen:     It increases your rate of health regeneration.
 Q - the amulet of Midwinter (around neck) {Will+++ Regen+}
   (You bought it in a shop on level 1 of the Vaults)

   [amulet of regeneration]

   Regen:     It increases your rate of health regeneration.
   Will:      It greatly increases your willpower.
 R - a +6 ring of intelligence
 Z - the ring "Soheut" (right hand) {rC+ rCorr}
   (You took it off a deep elf death mage on level 3 of the Elven Halls)

   [ring of protection from cold]

   rC:        It protects you from cold.
   rCorr:     It protects you from acid and corrosion.
Wands
 x - a wand of flame (22)
 y - a wand of light (11)
 C - a wand of roots (31)
 F - a wand of paralysis (46)
 I - a wand of digging (15)
 O - a wand of polymorph (22)
 W - a wand of mindburst (20)
Scrolls
 a - 11 scrolls of fog
 g - 6 scrolls of blinking
 k - a scroll of summoning
 l - 2 scrolls of enchant weapon
 m - 10 scrolls of teleportation
 w - 4 scrolls of fear
 E - 5 scrolls of poison
 S - 3 scrolls of magic mapping
 T - a scroll of enchant armour
Potions
 b - 11 potions of curing
 c - 5 potions of attraction
 e - 3 potions of invisibility
 f - 6 potions of might
 i - 8 potions of ambrosia
 n - 3 potions of cancellation
 o - 10 potions of haste
 s - 2 potions of berserk rage
 v - 2 potions of enlightenment
 z - 5 potions of brilliance
 A - 7 potions of mutation
 J - 3 potions of lignification
 U - 2 potions of resistance
Miscellaneous
 B - a phial of floods
 M - a phantom mirror
 X - a lightning rod (4/4)


   Skills:
 * Level 21.7 Fighting
 - Level 16.6 Dodging
 - Level 1.5 Stealth
 - Level 9.3 Shields
 - Level 23.8 Spellcasting
 - Level 23.8 Conjurations
 - Level 23.8 Hexes
 - Level 23.8 Summonings
 - Level 23.8 Necromancy
 - Level 23.8 Translocations
 - Level 23.8 Transmutations
 - Level 23.8 Fire Magic
 - Level 23.8 Ice Magic
 - Level 23.8 Air Magic
 - Level 23.8 Earth Magic
 - Level 26.3 Poison Magic
 - Level 5.0 Evocations


You knew the following spells:

 Your Spells              Type           Power      Damage    Failure   Level
a - Magic Dart            Conj           100%       1d8       1%          1
b - Searing Ray           Conj           100%       2d8       1%          2
c - Dazzling Flash        Conj/Hex       100%       N/A       1%          3
d - Fulminant Prism       Conj/Hex       68%        3d28      1%          4
e - Iskenderun's Mystic   Conj/Tloc      100%       2d19      1%          4
f - Foxfire               Conj/Fire      100%       2x1d9     1%          1
g - Call Imp              Summ           100%       N/A       1%          2
h - Hailstorm             Conj/Ice       100%       3d20      1%          3
i - Tukima's Dance        Hex            100%       N/A       1%          3
j - Metabolic Englaciati  Hex/Ice        81%        N/A       1%          5
k - Arcjolt               Conj/Air       81%        1d91      1%          5
l - Dispersal             Tloc           71%        N/A       1%          6
m - Orb of Destruction    Conj           71%        9d16      1%          7
n - Storm Form            Tmut/Air       81%        N/A       1%          7
o - Summon Horrible Thin  Summ           71%        N/A       1%          8
p - Malign Gateway        Summ/Tloc      68%        N/A       1%          7
q - Infestation           Necr           71%        N/A       1%          8
Your spell library was empty.

Dungeon Overview and Level Annotations

Branches:
Dungeon (15/15) Zot: 26203  Temple (0/1) D:6            Lair (5/5) D:8 Zot: 26569
  Swamp (4/4) Lair:3 Zot: 20613  Spider (4/4) Lair:2 Zot: 20929   Slime (5/5) Lair:5 Zot: 26747
    Orc (2/2) D:11 Zot: 10858     Elf (3/3) Orc:2 Zot: 15264  Vaults (5/5) D:13 Zot: 24446
  Crypt (1/3) Vaults:2 Zot: 5902  Depths (3/4) D:15 Zot: 15940 Ossuary (visited)
 Bailey (visited)

Altars:
Fedhas
Gozag
Nemelex Xobeh
Qazlal
Ru
Trog
Wu Jian
Xom
Jiyva

Shops:
D:7 *   Orc:2 =?(*   Elf:2 !   Elf:3 **!   Vaults:1 =   Vaults:3 =

Portals:
Hell: Depths:1 Depths:2
Abyss: Depths:1
Pandemonium: Depths:2
Ziggurat: Depths:2
Trove: D:10 (give +3 fire dragon scales)

Annotations:
Slime:5 Royal Jelly
Depths:3 the Enchantress


Innate Abilities, Weirdness & Mutations

You are immune to sickness and miasma.
You are immune to poison.
Your flesh is very heat resistant. (rF++)
You are vulnerable to cold. (rC-)
You float through the air rather than walking.
You learn spells naturally, not from books.
Your magical power is your life essence.
You have superior vitality. (+4 MHP)
You have a pair of horns on your head.
You are partially covered in iridescent scales. (AC +2)
You are agile. (Dex +4, Str/Int -1)
Your mind is very acute. (Int +8, Str/Dex -2)
You are somewhat resistant to both further mutation and mutation removal.
You passively map the area around you.
You are covered in fur. (AC +1)
Your spells are a little harder to cast, but a little more powerful.
Armour fits poorly on your pseudopods.


Message History

You feel better. You block something's attack.
A chorus of shrieks assaults your mind.
* * * LOW HITPOINT WARNING * * *
Something touches you but does no damage.
The starcursed mass touches you but does no damage.
A starcursed mass splits.
Casting: Arcjolt (safe; 1% risk of failure)
Confirm with . or Enter, or press ? or * to list all spells.
You don't have enough health to cast this spell.
You feel better. Something completely misses you.
You block the starcursed mass's attack.
Casting: Arcjolt (safe; 1% risk of failure)
Confirm with . or Enter, or press ? or * to list all spells.
You feel a surge of power!
Electricity surges outward!
The starcursed mass is struck by an electric surge!!
You destroy the starcursed mass!
The ancient zyme is struck by an electric surge!!!
You destroy the ancient zyme!
The starcursed mass is struck by an electric surge!!
You destroy the starcursed mass!
Something is struck by an electric surge!!
The starcursed mass is struck by an electric surge!
You destroy the starcursed mass!
The starcursed mass is struck by an electric surge!
You destroy the starcursed mass!
The starcursed mass is struck by an electric surge!
You destroy the starcursed mass!
The hell hog is struck by an electric surge!!
You kill the hell hog!
* * * LOW HITPOINT WARNING * * *
Something closely misses you. Something touches you!
* * * LOW HITPOINT WARNING * * *
You feel better.
You hear some strange, mumbled words.
You feel better.
You hear some strange, mumbled words.
Something touches you but does no damage.
The Tzitzimitl gestures at you. The bolt of negative energy hits you!!!
You feel drained.
You die...

. ## ####
...##.##2.###
...
##...'##'.##..
#...1@##...#
.#+ ##
#..#.)###'###..
. . #.....#. XX
X.. ....
##...##


NXX..... ... ..##φ##.X.X X.X### #+# .3 ###...### #.. .. . . ⌠ ### #3 #..... # .
. . . ##.#...... ........J.. ..#. .. You could see a Tzitzimitl (summoned), a
green death (summoned) and a smoke demon (wandering).

Vanquished Creatures
  An ancient lich (Vaults:5)
  Mara (Spider:4)
  Saint Roka (Vaults:1)
  Margery (Vaults:2)
  4 caustic shrikes (Depths:2)
  2 golden dragons (Vaults:5)
  The ghost of Yptir the Protected, an adept AtFE of Vehumet (Vaults:2)
  Nikola (Elf:2)
  Arachne (Spider:4)
  2 tentacled monstrosities
  Zenata (Vaults:2)
  4 deep elf blademasters (Elf:3)
  A lich (Vaults:5)
  A quicksilver dragon (Vaults:4)
  A titan (Vaults:5)
  Frances (Swamp:2)
  2 deep elf master archers (Elf:3)
  2 sphinxes
  An eldritch tentacle (Vaults:5)
  A tentacled starspawn (Abyss:5)
  The ghost of Enkazo Toplu the Bludgeoner, an adept AtWr of Ashenzari (Swamp:1)
  Kirke (Swamp:1)
  Agnes (Spider:1)
  3 shadow dragons (Vaults:5)
  Roxanne (Spider:2)
  2 thorn hunters
  3 tengu reavers
  A nagaraja (Abyss:5)
  Donald (Elf:3)
  8 deep elf sorcerers
  8 frost giants
  4 fire giants
  Aizul (Swamp:4)
  5 emperor scorpions
  An iron dragon (Depths:1)
  4 ghost moths
  3 ghouls
  11 vault wardens
  3 war gargoyles
  6 orc warlords
  3 deep elf elementalists (Elf:3)
  12 ironbound preservers
  11 stone giants
  10 very ugly things
  2 spriggan defenders (Depths:3)
  4 broodmothers
  4 ironbound thunderhulks
  3 vampire knights (Depths:2)
  6 deep elf demonologists
  2 eleionomae
  11 deep elf annihilators
  A minotaur (D:13)
  5 bunyips
  Azrael (D:12)
  8 spark wasps
  18 dire elephants
  4 fire dragons
  8 ettins
  Snorg (D:10)
  11 deep elf death magi
  4 deep elf high priests
  6 entropy weavers
  2 shambling mangroves
  11 hydras
  10 yaktaur captains
  2 spriggan air magi
  An ogre mage (Vaults:5)
  3 rakshasas
  An ice dragon (Depths:2)
  A jorogumo (Spider:1)
  A radroach (Spider:4)
  3 ironbound frosthearts
  33 vault guards
  9 centaur warriors
  The ghost of Ihaveafatcat the Cleaver, a novice HOFi (D:10)
  A satyr (Abyss:5)
  2 two-headed ogres
  7 tengu warriors
  9 boulder beetles
  11 alligators
  A hell hog (Abyss:5)
  3 deep troll earth magi
  4 deep troll shamans
  3 orc high priests (Vaults:2)
  A shock serpent (shapeshifter) (D:13)
  10 spriggans
  2 thrashing horrors (Abyss:5)
  4 vampire magi
  A fire crab (Swamp:4)
  Sonja (D:11)
  8 hell knights
  15 deep elf knights
  A skyshark (Lair:5)
  2 wretched stars
  6 spatial maelstroms (Abyss:5)
  3 large abominations
  The ghost of ytrimaz the Covert, a journeyman FeSu of Gozag (D:13)
  A sun demon (Abyss:4)
  3 sun moths
  28 deep trolls
  A goliath frog (Swamp:4)
  9 skeletal warriors
  3 iron trolls (Depths:1)
  8 pharaoh ants
  6 orb spiders
  A flayed ghost (Depths:2)
  5 lindwurms
  6 wizards
  7 bog bodies
  13 ironbound convokers
  5 spriggan druids
  A shadow demon (Abyss:5)
  4 steelbarb worms
  13 swamp dragons
  Pikel (D:5)
  21 orc knights
  4 phantasmal warriors
  9 necromancers
  21 deep elf zephyrmancers
  8 deep elf archers
  2 will-o-the-wisps
  A harpy (Depths:1)
  2 orc sorcerers
  An oklob plant (Lair:2)
  22 deep elf pyromancers
  24 wolf spiders
  12 ugly things
  A cyclops (D:15)
  3 worldbinders
  5 elephants
  5 moths of wrath
  A salamander (Depths:1)
  2 manticores
  6 black mambas
  17 vault sentinels
  Joseph (D:7)
  2 gargoyles
  2 water nymphs (Abyss:4)
  A torpor snail (Spider:2)
  An apocalypse crab (Abyss:5)
  17 cane toads
  12 demonic crawlers
  Psyche (D:9)
  An unseen horror (shapeshifter) (D:13)
  12 komodo dragons
  A hellion (Abyss:5)
  A rime drake (Lair:2)
  An efreet (D:15)
  A tormentor (Abyss:5)
  A yaktaur (shapeshifter) (D:15)
  A freezing wraith (Vaults:5)
  4 tengu conjurers
  25 yaktaurs
  2 ancient zymes (Abyss:5)
  7 trolls
  A harpy zombie (D:15)
  3 polar bears
  6 meliai
  A queen bee (Spider:1)
  A raiju (Abyss:5)
  17 hornets
  18 tyrant leeches
  Prince Ribbit (D:9)
  30 tarantellas
  13 blink frogs
  2 air elementals (Elf:3)
  28 jumping spiders
  17 culicivoras
  23 dancing weapons
  A human (D:13)
  6 wyverns
  5 fire elementals
  25 yaks
  6 fire bats
  A spriggan (shapeshifter) (Abyss:5)
  3 water elementals
  8 wraiths
  3 vampires (D:15)
  Eustachio (D:5)
  4 basilisks
  5 hogs (Swamp:1)
  A hog (shapeshifter) (Abyss:5)
  60 redbacks
  12 vampire mosquitoes
  2 neqoxecs (D:10)
  Edmund (D:5)
  Menkaure (D:6)
  4 steam dragons
  8 wargs
  9 swamp worms
  A faun zombie (Crypt:1)
  11 spatial vortices (Abyss:5)
  5 acid dragons
  12 water moccasins
  5 hell hounds (D:12)
  11 swamp drakes
  48 orc warriors
  5 black bears
  An ice beast (D:5)
  2 sky beasts
  A hornet zombie (D:7)
  7 ogres
  13 wolves
  5 boggarts (D:14)
  A boggart (shapeshifter) (D:15)
  An elephant skeleton (Crypt:1)
  4 lemures (D:5)
  7 centaurs
  4 elf zombies (Elf:1)
  3 kobold brigands
  11 bullfrogs
  2 wyvern zombies (D:7)
  9 necrophages
  10 scorpions (Ossuary)
  5 wights (D:8)
  14 killer bees
  2 electric eels
  8 centaur zombies
  8 howler monkeys
  A lava snake (Swamp:4)
  A bullfrog zombie (D:7)
  3 quasits (D:10)
  6 jellies
  2 human zombies (Ossuary)
  15 orc priests
  7 starcursed masses (Abyss:5)
  A gnoll bouda (D:6)
  3 hounds
  Jessica (D:3)
  2 scorpion zombies (Ossuary)
  An iguana (D:5)
  24 orc wizards
  A boggart zombie (D:15)
  5 hell rats
  3 mummies (Ossuary)
  5 gnolls (D:6)
  9 adders
  2 white imps
  An ufetubus (D:5)
  A worm (D:2)
  A dart slug (D:4)
  91 orcs
  3 ball pythons
  2 bats (D:3)
  3 gnoll zombies (Ossuary)
  8 hobgoblins
  8 jackals (D:2)
  27 kobolds
  4 quokkas (D:2)
  A frilled lizard (D:3)
  6 goblins
  3 hobgoblin zombies (Ossuary)
  4 kobold zombies (Ossuary)
  4 orc zombies (Ossuary)
  4 rats
  4 foxfires
  8 fulminant prisms
  A starspawn tentacle (Abyss:5)
1602 creatures vanquished.

Vanquished Creatures (collateral kills)
  A dread lich (Vaults:5)
  An ancient lich (Vaults:5)
  A golden dragon (Vaults:5)
  A lich (Vaults:5)
  4 shadow dragons
  A fire giant (Vaults:5)
  5 vault wardens
  A war gargoyle (Vaults:5)
  2 ironbound preservers
  3 very ugly things
  5 stone giants
  A deep elf annihilator (Vaults:5)
  A spark wasp (Depths:1)
  3 yaktaur captains (Vaults:5)
  A great orb of eyes (Vaults:4)
  A deep elf high priest (Vaults:5)
  Fannar (D:10)
  2 peacekeepers
  A vault guard (Vaults:5)
  An ironbound frostheart (Vaults:3)
  3 centaur warriors (Vaults:2)
  3 tengu warriors (Depths:1)
  A spriggan berserker (Depths:2)
  A pharaoh ant (Spider:2)
  3 deep trolls
  2 orb spiders (Spider:4)
  3 bog bodies (Swamp:3)
  A harpy (Depths:1)
  3 ironbound convokers
  A necromancer (Depths:1)
  A wizard (Vaults:4)
  A phantasmal warrior (Vaults:5)
  4 orc knights (Vaults:2)
  A deep elf pyromancer (Elf:1)
  An ugly thing (Depths:1)
  4 vault sentinels
  8 yaktaurs
  A sphinx simulacrum (Depths:1)
  2 redbacks
  A vampire mosquito (D:12)
  A small abomination (Abyss:5)
  3 orcs
86 creatures vanquished.

Vanquished Creatures (others)
  2 eldritch tentacles (Vaults:5)
  A vault warden (Vaults:5)
  An ironbound preserver (Vaults:5)
  3 formless jellyfish
  5 great orbs of eyes
  3 yaktaur captains
  An ice dragon (shapeshifter) (Vaults:5)
  An ironbound frostheart (Vaults:2)
  A shadow wraith (Vaults:5)
  A swamp dragon (shapeshifter) (Depths:2)
  A deep troll (Vaults:3)
  2 ironbound convokers
  2 wizards (Vaults:3)
  4 lindwurms
  A mana viper (shapeshifter) (Vaults:2)
  A fire giant zombie (Depths:1)
  3 ugly things (Vaults:3)
  A moth of wrath (shapeshifter) (Vaults:5)
  8 vault sentinels
  A floating eye (Depths:2)
  A troll (shapeshifter) (Vaults:5)
  A dancing weapon (Orc:2)
  41 slime creatures
  A dream sheep (shapeshifter) (Vaults:5)
  A slime creature (shapeshifter) (Vaults:5)
  A blink frog (Abyss:5)
  A fire bat (Depths:1)
  A steam dragon (D:8)
  A warg (Vaults:1)
  A water moccasin (Lair:2)
  A swamp drake (Swamp:4)
  A bullfrog (D:8)
  A scorpion (D:6)
  148 jellies
  An orc priest (D:11)
  An iguana (D:5)
  2 orc wizards
  A hell rat (Lair:5)
  5 orcs
  2 endoplasms (Lair:5)
  A hobgoblin (D:11)
  A bat (D:3)
  332 foxfires
  518 fulminant prisms
  3 lurking horrors (Abyss:5)
  A starspawn tentacle (Abyss:5)
1112 creatures vanquished.

Grand Total: 2800 creatures vanquished

Notes
Turn   | Place    | Note
-------+----------+-------------------------------------------
     0 | D:1      | NateTC the Djinni Conjurer began the quest for the Orb.
     0 | D:1      | NateTC set off with the following spells memorised: Magic
                  | Dart, Searing Ray, Dazzling Flash, Fulminant Prism,
                  | Iskenderun's Mystic Blast.
     0 | D:1      | Reached XP level 1. HP: 15/15 MP: 0/0
   121 | D:1      | You are sucked into a shaft and drop 1 floor!
   163 | D:2      | Reached XP level 2. HP: 20/21 MP: 0/0
   287 | D:2      | Found a faded altar of an unknown god.
   314 | D:2      | Prayed at the altar of an unknown god.
   314 | D:2      | Became a worshipper of Jiyva Jaadic the Shapeless
   314 | D:2      | Reached * piety under Jiyva
   438 | D:2      | Reached XP level 3. HP: 25/25 MP: 0/0
   438 | D:2      | Learned a level 1 spell: Foxfire
   463 | D:2      | Reached skill level 4 in Poison Magic
   610 | D:2      | Reached XP level 4. HP: 27/31 MP: 0/0
   902 | D:3      | Reached ** piety under Jiyva
   980 | D:3      | Reached XP level 5. HP: 15/35 MP: 0/0
   980 | D:3      | Learned a level 2 spell: Call Imp
  1100 | D:3      | Found a shimmering altar of Xom.
  1170 | D:3      | Noticed Jessica
  1174 | D:3      | Killed Jessica
  1175 | D:3      | Reached skill level 5 in Spellcasting
  1175 | D:3      | Reached skill level 5 in Conjurations
  1175 | D:3      | Reached skill level 5 in Hexes
  1175 | D:3      | Reached skill level 5 in Summonings
  1175 | D:3      | Reached skill level 5 in Necromancy
  1175 | D:3      | Reached skill level 5 in Translocations
  1175 | D:3      | Reached skill level 5 in Transmutations
  1175 | D:3      | Reached skill level 5 in Fire Magic
  1175 | D:3      | Reached skill level 5 in Ice Magic
  1175 | D:3      | Reached skill level 5 in Air Magic
  1175 | D:3      | Reached skill level 5 in Earth Magic
  1175 | D:3      | Reached skill level 5 in Poison Magic
  1521 | D:4      | Reached *** piety under Jiyva
  1604 | D:4      | Gained mutation: You expend health (3 HP) to strengthen
                  | your wands. [Jiyva's grace]
  1604 | D:4      | Gained mutation: You have acidic saliva. [Jiyva's grace]
  1604 | D:4      | Gained mutation: Your natural rate of healing is unusually
                  | fast. [Jiyva's grace]
  1604 | D:4      | Gained mutation: You heal very quickly. [Jiyva's grace]
  1661 | D:4      | Reached XP level 6. HP: 40/40 MP: 0/0
  2200 | D:5      | Entered Level 5 of the Dungeon
  2207 | D:5      | Reached skill level 6 in Poison Magic
  2222 | D:5      | Found a sand-covered staircase.
  2227 | Ossuary  | Entered an ossuary
  2242 | Ossuary  | Reached XP level 7. HP: 45/45 MP: 0/0
  2242 | Ossuary  | Learned a level 3 spell: Hailstorm
  2255 | Ossuary  | Reached **** piety under Jiyva
  2315 | Ossuary  | Reached skill level 7 in Poison Magic
  2315 | Ossuary  | Reached XP level 8. HP: 43/50 MP: 0/0
  2371 | Ossuary  | Reached skill level 1 in Fighting
  2465 | Ossuary  | Reached skill level 5 in Fighting
  2635 | D:5      | Reached XP level 9. HP: 65/66 MP: 0/0
  2635 | D:5      | Learned a level 3 spell: Tukima's Dance
  2697 | D:5      | Noticed Edmund
  2706 | D:5      | Killed Edmund
  2737 | D:5      | Noticed Pikel
  2739 | D:5      | Reached skill level 8 in Poison Magic
  2744 | D:5      | Killed Pikel
  2875 | D:5      | Identified the +7 sling "Raup" {heavy, *Corrode rF+ rC+}
  2982 | D:5      | Found a stormy altar of Qazlal.
  2983 | D:5      | Noticed Eustachio
  2991 | D:5      | Killed Eustachio
  3079 | D:6      | Reached skill level 9 in Poison Magic
  3147 | D:6      | Identified the +1 robe of Uskayaw's Hatred {rElec rF-
                  | Regen+ Str+4}
  3298 | D:6      | Noticed Menkaure
  3304 | D:6      | Killed Menkaure
  3463 | D:6      | Reached XP level 10. HP: 72/72 MP: 0/0
  3482 | D:6      | Found a staircase to the Ecumenical Temple.
  3501 | D:6      | Lost mutation: You heal very quickly. [Jiyva's grace]
  3501 | D:6      | Lost mutation: You have acidic saliva. [Jiyva's grace]
  3501 | D:6      | Lost mutation: You expend health (3 HP) to strengthen your
                  | wands. [Jiyva's grace]
  3501 | D:6      | Gained mutation: You have hidden genetic potential.
                  | [Jiyva's grace]
  3501 | D:6      | Gained mutation: You have great hidden genetic potential.
                  | [Jiyva's grace]
  3501 | D:6      | Gained mutation: Your rubbery body absorbs attacks. (AC +1,
                  | EV +1) [Jiyva's grace]
  3501 | D:6      | Gained mutation: Your pliable body absorbs attacks. (AC +2,
                  | EV +2) [Jiyva's grace]
  3504 | D:6      | Reached ***** piety under Jiyva
  4116 | D:7      | Found Kint's CLEARANCE SALE!.
  4251 | D:7      | Noticed Joseph
  4273 | D:7      | Killed Joseph
  4274 | D:7      | Reached skill level 10 in Spellcasting
  4274 | D:7      | Reached skill level 10 in Conjurations
  4274 | D:7      | Reached skill level 10 in Hexes
  4274 | D:7      | Reached skill level 10 in Summonings
  4274 | D:7      | Reached skill level 10 in Necromancy
  4274 | D:7      | Reached skill level 10 in Translocations
  4274 | D:7      | Reached skill level 10 in Transmutations
  4274 | D:7      | Reached skill level 10 in Fire Magic
  4274 | D:7      | Reached skill level 10 in Ice Magic
  4274 | D:7      | Reached skill level 10 in Air Magic
  4274 | D:7      | Reached skill level 10 in Earth Magic
  4274 | D:7      | Reached skill level 10 in Poison Magic
  4323 | D:7      | Found a blossoming altar of Fedhas.
  4793 | D:8      | Found a staircase to the Lair.
  4888 | D:8      | Found an ornate altar of the Wu Jian Council.
  4959 | D:8      | Reached ****** piety under Jiyva
  5264 | D:8      | Lost mutation: Your natural rate of healing is unusually
                  | fast. [Jiyva's grace]
  5264 | D:8      | Gained mutation: You expend health (3 HP) to strengthen
                  | your wands. [Jiyva's grace]
  5264 | D:8      | Gained mutation: You have a somewhat thin skeletal
                  | structure. (Dex +2, Stealth+) [Jiyva's grace]
  5264 | D:8      | Gained mutation: You have a moderately thin skeletal
                  | structure. (Dex +4, Stealth++) [Jiyva's grace]
  5264 | D:8      | Gained mutation: You have an unnaturally thin skeletal
                  | structure. (Dex +6, Stealth+++) [Jiyva's grace]
  5813 | D:9      | Reached skill level 11 in Poison Magic
  5814 | D:9      | Noticed Psyche
  5819 | D:9      | Killed Psyche
  5828 | D:9      | Reached XP level 11. HP: 61/76 MP: 0/0
  5828 | D:9      | Learned a level 5 spell: Metabolic Englaciation
  5847 | D:9      | Gained mutation: You possess an exceptional clarity of
                  | mind. [hidden potential]
  5867 | D:9      | Found a flagged portal.
  5888 | D:9      | Noticed a two-headed ogre
  5895 | D:9      | Killed a two-headed ogre
  5896 | D:9      | Reached skill level 12 in Poison Magic
  5897 | D:9      | Noticed Prince Ribbit
  5913 | D:9      | Killed Prince Ribbit
  5992 | Bailey   | Entered a bailey
  5997 | Bailey   | Noticed an orc warlord
  5997 | Bailey   | Found the +7 mace of Variability {chaos, chaos arc}
  6066 | Bailey   | Found a runed translucent gate.
  6068 | Bailey   | Found a runed translucent gate.
  6070 | Bailey   | Found a runed translucent gate.
  6087 | Bailey   | Noticed an orc knight
  6099 | Bailey   | Killed an orc warlord
  6101 | Bailey   | Killed an orc knight
  6102 | Bailey   | Reached skill level 5 in Dodging
  6123 | Bailey   | Reached XP level 12. HP: 83/83 MP: 0/0
  6376 | D:9      | Found an opulent altar of Gozag.
  6689 | Lair:1   | Entered Level 1 of the Lair of Beasts
  6831 | Lair:1   | Reached XP level 13. HP: 92/92 MP: 0/0
  6831 | Lair:1   | Learned a level 5 spell: Arcjolt
  6849 | Lair:1   | Gained mutation: You passively map a small area around you.
                  | [hidden potential]
  6849 | Lair:1   | Lost mutation: You have great hidden genetic potential.
                  | [hidden potential expressed]
  6915 | Lair:1   | Lost mutation: You have hidden genetic potential. [Jiyva's
                  | grace]
  6915 | Lair:1   | Gained mutation: Your mind is acute. (Int +4, Str/Dex -1)
                  | [Jiyva's grace]
  6915 | Lair:1   | Gained mutation: Your mind is very acute. (Int +8, Str/Dex
                  | -2) [Jiyva's grace]
  6915 | Lair:1   | Gained mutation: Your spells are a little harder to cast,
                  | but a little more powerful. [Jiyva's grace]
  6915 | Lair:1   | Gained mutation: Your spells are harder to cast, but more
                  | powerful. [Jiyva's grace]
  7236 | Lair:2   | Found a hole to the Spider Nest.
  7299 | Lair:2   | Reached skill level 13 in Poison Magic
  7577 | Lair:2   | Identified the +6 plate armour "Jame" {rPois Int+2}
  8072 | Lair:2   | Identified the +6 war axe of Defence {flame, rN+}
  8230 | Lair:3   | Identified the +3 plate armour of Efarchyko {Harm Fly}
  8316 | Lair:3   | Found a staircase to the Swamp.
  8322 | Lair:3   | Was placed under penance by Jiyva
  8323 | Lair:3   | Reached skill level 10 in Fighting
  8357 | Lair:3   | Was forgiven by Jiyva
  8362 | Lair:3   | Lost mutation: You have an unnaturally thin skeletal
                  | structure. (Dex +6, Stealth+++) [Jiyva's grace]
  8362 | Lair:3   | Lost mutation: You have a moderately thin skeletal
                  | structure. (Dex +4, Stealth++) [Jiyva's grace]
  8362 | Lair:3   | Lost mutation: Your mind is very acute. (Int +8, Str/Dex
                  | -2) [Jiyva's grace]
  8362 | Lair:3   | Lost mutation: You passively map a small area around you.
                  | [Jiyva's grace]
  8362 | Lair:3   | Lost mutation: Your spells are harder to cast, but more
                  | powerful. [Jiyva's grace]
  8362 | Lair:3   | Lost mutation: You expend health (3 HP) to strengthen your
                  | wands. [Jiyva's grace]
  8362 | Lair:3   | Gained mutation: You have acidic saliva. [Jiyva's grace]
  8362 | Lair:3   | Gained mutation: You are partially covered in iridescent
                  | scales. (AC +2) [Jiyva's grace]
  8362 | Lair:3   | Gained mutation: You are mostly covered in iridescent
                  | scales. (AC +4) [Jiyva's grace]
  8362 | Lair:3   | Gained mutation: You are completely covered in iridescent
                  | scales. (AC +6) [Jiyva's grace]
  8844 | Lair:4   | Identified the +1 flail "Qehotwil" {venom, rF+ rC+ Dex+4}
  8884 | Lair:4   | Reached XP level 14. HP: 85/103 MP: 0/0
  9108 | Lair:4   | Reached skill level 14 in Poison Magic
  9174 | Lair:4   | Was placed under penance by Jiyva
  9340 | Lair:4   | Was forgiven by Jiyva
  9642 | Lair:5   | Entered Level 5 of the Lair of Beasts
  9787 | Lair:5   | Found a staircase to the Slime Pits.
  9811 | Slime:1  | Entered Level 1 of the Pits of Slime
  9821 | Slime:1  | Noticed an azure jelly
  9870 | Slime:2  | Noticed a quicksilver ooze
  9925 | Slime:2  | Noticed a rockslime
  9932 | Slime:2  | Noticed an azure jelly
 10163 | Slime:4  | Noticed a rockslime
 10213 | Slime:5  | Entered Level 5 of the Pits of Slime
 10231 | Slime:5  | Noticed an acid blob
 10302 | Slime:5  | Noticed an acid blob
 10302 | Slime:5  | Noticed an acid blob
 10303 | Slime:5  | Noticed a quicksilver ooze
 10303 | Slime:5  | Noticed an azure jelly
 10303 | Slime:5  | Noticed a rockslime
 10304 | Slime:5  | Found a viscous altar of Jiyva.
 10304 | Slime:5  | Noticed the Royal Jelly
 10306 | Slime:5  | Noticed a quicksilver ooze
 10306 | Slime:5  | Noticed an acid blob
 10306 | Slime:5  | Noticed an acid blob
 10307 | Slime:5  | Noticed an azure jelly
 10308 | Slime:5  | Noticed an azure jelly
 10309 | Slime:5  | Identified the staff of conjuration "Jafics" {Dex+4}
 10309 | Slime:5  | Found the +9 staff of Olgreb {rPois∞}
 10320 | Slime:5  | Got a slimy rune of Zot
 10329 | Slime:5  | Identified the +1 sling of the Scorned {heavy, rCorr Dex+4
                  | SInv}
 10333 | Slime:5  | Identified the +4 sling of Judd {elec, rCorr Str+3}
 10346 | Slime:5  | Noticed a rockslime
 10351 | Slime:5  | Identified the +2 robe of Kimiy {Harm Will- Dex+3 Archmagi}
 10388 | Slime:5  | Noticed an acid blob
 10446 | Slime:2  | Noticed an azure jelly
 10565 | D:10     | Entered Level 10 of the Dungeon
 10582 | D:10     | Found a sacrificial altar of Ru.
 10643 | D:10     | Found a sparkling altar of Nemelex Xobeh.
 10707 | D:10     | Lost mutation: Your spells are a little harder to cast, but
                  | a little more powerful. [Jiyva's grace]
 10707 | D:10     | Lost mutation: You have acidic saliva. [Jiyva's grace]
 10707 | D:10     | Lost mutation: Your pliable body absorbs attacks. (AC +2,
                  | EV +2) [Jiyva's grace]
 10707 | D:10     | Gained mutation: You have acidic saliva. [Jiyva's grace]
 10707 | D:10     | Gained mutation: You are agile. (Dex +4, Str/Int -1)
                  | [Jiyva's grace]
 10707 | D:10     | Gained mutation: You are very agile. (Dex +8, Str/Int -2)
                  | [Jiyva's grace]
 10707 | D:10     | Gained mutation: You are covered in fur. (AC +1) [Jiyva's
                  | grace]
 10714 | D:10     | Noticed Snorg
 10722 | D:10     | Killed Snorg
 10728 | D:10     | Found a portal to a secret trove of treasure.
 10731 | D:10     | Identified the +0 chain mail "Efasoaqei" {rF+ Will- Str+7
                  | Dex-3}
 10868 | D:10     | Noticed Fannar
 10916 | D:10     | Killed Fannar
 11068 | D:10     | Found a transporter.
 11069 | D:10     | Noticed Ihaveafatcat's ghost (novice HOFi)
 11117 | D:10     | Found a transporter.
 11164 | D:10     | Killed Ihaveafatcat's ghost
 11478 | D:11     | Noticed Sonja
 11483 | D:11     | Killed Sonja
 11486 | D:11     | Found a staircase to the Orcish Mines.
 12330 | D:12     | Lost mutation: You have acidic saliva. [Jiyva's grace]
 12330 | D:12     | Gained mutation: You have a small jelly attached to you
                  | that may absorb projectiles. [Jiyva's grace]
 12330 | D:12     | Gained mutation: A frigid envelope surrounds you and
                  | freezes all who hurt you. [Jiyva's grace]
 12330 | D:12     | Gained mutation: Armour fits poorly on your pseudopods.
                  | [Jiyva's grace]
 12330 | D:12     | Gained mutation: Armour fits poorly on your large
                  | pseudopods. [Jiyva's grace]
 12331 | D:12     | Found a bloodstained altar of Trog.
 12452 | D:12     | Noticed Azrael
 12457 | D:12     | Killed Azrael
 12458 | D:12     | Reached skill level 1 in Evocations
 12528 | D:12     | Reached XP level 15. HP: 112/114 MP: 0/0
 12528 | D:12     | Learned a level 6 spell: Dispersal
 13314 | D:13     | Reached skill level 5 in Evocations
 13360 | D:13     | Found a gate to the Vaults.
 13529 | D:13     | Lost mutation: Your rubbery body absorbs attacks. (AC +1,
                  | EV +1) [Jiyva's grace]
 13529 | D:13     | Lost mutation: Armour fits poorly on your large pseudopods.
                  | [Jiyva's grace]
 13529 | D:13     | Gained mutation: You have a small jelly attached to you
                  | that senses nearby items. [Jiyva's grace]
 13529 | D:13     | Gained mutation: Your muscles are strong. (Str +4, Int/Dex
                  | -1) [Jiyva's grace]
 13529 | D:13     | Gained mutation: Your muscles are very strong. (Str +8,
                  | Int/Dex -2) [Jiyva's grace]
 13529 | D:13     | Gained mutation: Your translucent skin slightly reduces
                  | your foes' accuracy. (Stealth+) [Jiyva's grace]
 13622 | D:13     | Reached skill level 15 in Spellcasting
 13622 | D:13     | Reached skill level 15 in Conjurations
 13622 | D:13     | Reached skill level 15 in Hexes
 13622 | D:13     | Reached skill level 15 in Summonings
 13622 | D:13     | Reached skill level 15 in Necromancy
 13622 | D:13     | Reached skill level 15 in Translocations
 13622 | D:13     | Reached skill level 15 in Transmutations
 13622 | D:13     | Reached skill level 15 in Fire Magic
 13622 | D:13     | Reached skill level 15 in Ice Magic
 13622 | D:13     | Reached skill level 15 in Air Magic
 13622 | D:13     | Reached skill level 15 in Earth Magic
 13622 | D:13     | Reached skill level 15 in Poison Magic
 13627 | D:13     | Found a runed translucent gate.
 13627 | D:13     | Found a runed translucent gate.
 13627 | D:13     | Found a runed translucent gate.
 13628 | D:13     | Noticed ytrimaz's ghost (journeyman FeSu)
 13645 | D:13     | Killed ytrimaz's ghost
 14104 | D:14     | Identified the amulet "Eced" {rElec Regen+}
 14879 | Orc:1    | Entered Level 1 of the Orcish Mines
 14898 | Orc:1    | Lost mutation: You possess an exceptional clarity of mind.
                  | [Jiyva's grace]
 14898 | Orc:1    | Lost mutation: Armour fits poorly on your pseudopods.
                  | [Jiyva's grace]
 14898 | Orc:1    | Gained mutation: Your body has grown eyes which may confuse
                  | attackers. (Acc +3) [Jiyva's grace]
 14898 | Orc:1    | Gained mutation: Your body has grown many eyes which may
                  | confuse attackers. (Acc +5) [Jiyva's grace]
 14898 | Orc:1    | Gained mutation: Your body is covered in eyes which may
                  | confuse attackers. (Acc +7, SInv) [Jiyva's grace]
 14898 | Orc:1    | Gained mutation: Your mind is very acute. (Int +8, Str/Dex
                  | -2) [Jiyva's grace]
 15035 | Orc:2    | Entered Level 2 of the Orcish Mines
 15042 | Orc:2    | Noticed an orc warlord
 15070 | Orc:2    | Killed an orc warlord
 15099 | Orc:2    | Found a staircase to the Elven Halls.
 15500 | Orc:2    | Reached XP level 16. HP: 118/121 MP: 0/0
 15524 | Orc:2    | Found Dony's Jewellery Boutique.
 15524 | Orc:2    | Found Gotwygy's Magic Scroll Emporium.
 15575 | Orc:2    | Bought a scroll of acquirement for 884 gold pieces
 15699 | Orc:2    | Found Ykonuelo's General Store.
 15699 | Orc:2    | Found Faeloet's Antique Weapon Boutique.
 15846 | Orc:2    | Acquired the scarf "Fiwezac" {harm, *Corrode MP+9 Int+2}
 16069 | Spider:1 | Entered Level 1 of the Spider Nest
 16083 | Spider:1 | Noticed an emperor scorpion
 16088 | Spider:1 | Killed an emperor scorpion
 16088 | Spider:1 | Noticed an emperor scorpion
 16093 | Spider:1 | Killed an emperor scorpion
 16114 | Spider:1 | Reached skill level 16 in Poison Magic
 16630 | Spider:2 | Identified Roxanne's Enchiridion on Transition
 16630 | Spider:2 | Noticed Roxanne
 16637 | Spider:2 | Noticed Agnes
 16647 | Spider:1 | Killed Agnes
 16675 | Spider:2 | Killed Roxanne
 16689 | Spider:2 | Was placed under penance by Jiyva
 16873 | Spider:2 | Was forgiven by Jiyva
 16947 | Spider:2 | Reached XP level 17. HP: 119/129 MP: 0/0
 16947 | Spider:2 | Learned a level 7 spell: Orb of Destruction
 17255 | Spider:2 | Identified the +4 hat of Impressiveness {Dex+2}
 17318 | Spider:3 | Reached skill level 17 in Poison Magic
 17395 | Spider:3 | Found a frozen archway.
 17515 | Spider:3 | Lost mutation: You are completely covered in iridescent
                  | scales. (AC +6) [Jiyva's grace]
 17515 | Spider:3 | Lost mutation: You are very agile. (Dex +8, Str/Int -2)
                  | [Jiyva's grace]
 17515 | Spider:3 | Lost mutation: You are agile. (Dex +4, Str/Int -1) [Jiyva's
                  | grace]
 17515 | Spider:3 | Lost mutation: You are covered in fur. (AC +1) [Jiyva's
                  | grace]
 17515 | Spider:3 | Lost mutation: Your muscles are very strong. (Str +8,
                  | Int/Dex -2) [Jiyva's grace]
 17515 | Spider:3 | Lost mutation: Your body is covered in eyes which may
                  | confuse attackers. (Acc +7, SInv) [Jiyva's grace]
 17515 | Spider:3 | Lost mutation: Your translucent skin slightly reduces your
                  | foes' accuracy. (Stealth+) [Jiyva's grace]
 17515 | Spider:3 | Lost mutation: You have a small jelly attached to you that
                  | senses nearby items. [Jiyva's grace]
 17515 | Spider:3 | Lost mutation: You have a small jelly attached to you that
                  | may absorb projectiles. [Jiyva's grace]
 17515 | Spider:3 | Gained mutation: Your melee attacks may engulf your foes in
                  | ooze. [Jiyva's grace]
 17515 | Spider:3 | Gained mutation: You have supernaturally acute eyesight.
                  | (SInv) [Jiyva's grace]
 17515 | Spider:3 | Gained mutation: You have a small jelly attached to you
                  | that may absorb projectiles. [Jiyva's grace]
 17515 | Spider:3 | Gained mutation: You have a pair of small horns on your
                  | head. [Jiyva's grace]
 18056 | Spider:4 | Entered Level 4 of the Spider Nest
 18124 | Spider:4 | Noticed Arachne
 18142 | Spider:4 | Noticed Mara
 18146 | Spider:4 | Killed Arachne
 18147 | Spider:4 | Noticed NateTC's illusion
 18272 | Spider:4 | Identified the +6 long sword of Overwhelming Force {freeze,
                  | +Blink Dex+3}
 18281 | Spider:4 | Acquired the staff of cold "Raceceen" {rPois rC+ Will-
                  | Str+2 Int+8}
 18436 | Spider:4 | Killed Mara
 18437 | Spider:4 | Reached skill level 15 in Fighting
 18801 | Spider:4 | Reached skill level 18 in Poison Magic
 18815 | Spider:4 | Reached XP level 18. HP: 118/138 MP: 0/0
 18866 | Spider:4 | Identified the +0 hat "Cucel" {rElec}
 18883 | Spider:4 | Got a gossamer rune of Zot
 19186 | Swamp:1  | Entered Level 1 of the Swamp
 19460 | Swamp:1  | Noticed Kirke
 19463 | Swamp:1  | Killed Kirke
 19816 | Swamp:1  | Found a runed translucent door.
 19816 | Swamp:1  | Found a shimmering altar of Xom.
 19816 | Swamp:1  | Noticed Enkazo Toplu's ghost (adept AtWr)
 19817 | Swamp:1  | Identified the +1 executioner's axe "Gram" {chaos, Fly
                  | rPois rC+}
 19966 | Swamp:1  | Killed Enkazo Toplu's ghost
 19998 | Swamp:2  | Noticed Frances
 20007 | Swamp:2  | Killed Frances
 20049 | Swamp:2  | Lost mutation: You are mostly covered in iridescent scales.
                  | (AC +4) [Jiyva's grace]
 20049 | Swamp:2  | Gained mutation: You are covered in slimy tendrils that may
                  | disarm your opponents. [Jiyva's grace]
 20049 | Swamp:2  | Gained mutation: Your spells are a little harder to cast,
                  | but a little more powerful. [Jiyva's grace]
 20049 | Swamp:2  | Gained mutation: Your spells are harder to cast, but more
                  | powerful. [Jiyva's grace]
 20049 | Swamp:2  | Gained mutation: Your spells are much harder to cast, but
                  | much more powerful. [Jiyva's grace]
 20340 | Swamp:2  | Identified the +5 falchion of Sloth {pain, Dex+4}
 20830 | Swamp:3  | Reached skill level 19 in Poison Magic
 21169 | Swamp:4  | Entered Level 4 of the Swamp
 21177 | Swamp:4  | Reached XP level 19. HP: 93/147 MP: 0/0
 21177 | Swamp:4  | Learned a level 7 spell: Storm Form
 21215 | Swamp:4  | Was placed under penance by Jiyva
 22194 | Swamp:4  | Was forgiven by Jiyva
 22314 | Swamp:4  | Got a decaying rune of Zot
 22341 | Swamp:4  | Noticed Aizul
 22350 | Swamp:4  | Killed Aizul
 22740 | D:15     | Entered Level 15 of the Dungeon
 23107 | D:15     | Lost mutation: Your mind is very acute. (Int +8, Str/Dex
                  | -2) [Jiyva's grace]
 23107 | D:15     | Lost mutation: A frigid envelope surrounds you and freezes
                  | all who hurt you. [Jiyva's grace]
 23107 | D:15     | Gained mutation: You have a pair of horns on your head.
                  | [Jiyva's grace]
 23107 | D:15     | Gained mutation: You have a pair of large horns on your
                  | head. [Jiyva's grace]
 23107 | D:15     | Gained mutation: You are agile. (Dex +4, Str/Int -1)
                  | [Jiyva's grace]
 23107 | D:15     | Gained mutation: You are very agile. (Dex +8, Str/Int -2)
                  | [Jiyva's grace]
 23210 | D:15     | Found a staircase to the Depths.
 23244 | D:15     | Found a gate leading to a gauntlet.
 23295 | Depths:1 | Entered Level 1 of the Depths
 23295 | Depths:1 | You are sucked into a shaft and drop 1 floor!
 23295 | Depths:2 | Noticed a tentacled monstrosity
 23306 | Depths:2 | HP: 4/148 [constriction (8)]
 23313 | Depths:2 | Killed a tentacled monstrosity
 23433 | Depths:2 | Reached skill level 20 in Poison Magic
 23441 | Depths:2 | Reached XP level 20. HP: 57/156 MP: 0/0
 23714 | Depths:1 | Identified the +1 robe of the Pink Corner {Rampage rN+}
 24066 | Elf:1    | Entered Level 1 of the Elven Halls
 24317 | Elf:1    | Identified the +1 quick blade of Ghostly Courage {flame,
                  | Int+3 Dex+3}
 24786 | Elf:2    | Lost mutation: You have a pair of large horns on your head.
                  | [Jiyva's grace]
 24786 | Elf:2    | Lost mutation: You have a somewhat thin skeletal structure.
                  | (Dex +2, Stealth+) [Jiyva's grace]
 24786 | Elf:2    | Lost mutation: Your mind is acute. (Int +4, Str/Dex -1)
                  | [Jiyva's grace]
 24786 | Elf:2    | Lost mutation: Your body has grown many eyes which may
                  | confuse attackers. (Acc +5) [Jiyva's grace]
 24786 | Elf:2    | Gained mutation: You are covered in fur. (AC +1) [Jiyva's
                  | grace]
 24786 | Elf:2    | Gained mutation: You are covered in thick fur. (AC +2)
                  | [Jiyva's grace]
 24786 | Elf:2    | Gained mutation: Your thick and shaggy fur keeps you warm.
                  | (AC +3, rC+) [Jiyva's grace]
 24786 | Elf:2    | Gained mutation: Armour fits poorly on your pseudopods.
                  | [Jiyva's grace]
 24921 | Elf:2    | Found Odosorou's Distillery.
 25068 | Elf:2    | Found a runed translucent gate.
 25068 | Elf:2    | Found a runed translucent gate.
 25068 | Elf:2    | Found a runed translucent gate.
 25179 | Elf:2    | Noticed Nikola
 25184 | Elf:2    | Was placed under penance by Jiyva
 25192 | Elf:2    | Killed Nikola
 25228 | Elf:2    | Reached skill level 1 in Shields
 25269 | Elf:2    | Was forgiven by Jiyva
 25651 | Elf:3    | Entered Level 3 of the Elven Halls
 25653 | Elf:3    | Noticed Donald
 25658 | Elf:3    | Killed Donald
 25847 | Elf:3    | Reached XP level 21. HP: 77/166 MP: 0/0
 25847 | Elf:3    | Learned a level 8 spell: Summon Horrible Things
 25860 | Elf:3    | Reached skill level 5 in Shields
 26022 | Elf:3    | Identified the ring "Soheut" {rC+ rCorr}
 26032 | Elf:3    | Identified the +3 dire flail of Hesiubua {flame, rElec rF-
                  | rN++ Stlth+}
 26095 | Elf:3    | Identified the +0 robe of the Dungeon {rPois rF++ Int-3
                  | Stlth+}
 26182 | Elf:3    | Identified the +7 shortbow of Destiny {drain, Dex+3}
 26391 | Elf:3    | Paralysed by an air elemental for 1 turns
 26507 | Elf:3    | Found Mukhiusu's Distillery.
 26527 | Elf:3    | Found Kuis's General Store.
 26529 | Elf:3    | Found Wikitaf's Assorted Antiques.
 26533 | Elf:3    | Bought a potion of heal wounds for 85 gold pieces
 26535 | Elf:3    | Bought a scroll of blinking for 150 gold pieces
 26535 | Elf:3    | Bought the +3 Elemental Staff {rElec rF+ rC+ AC+3} for 1142
                  | gold pieces
 26535 | Elf:3    | Found the +3 Elemental Staff {rElec rF+ rC+ AC+3}
 26917 | Vaults:1 | Entered Level 1 of the Vaults
 26919 | Vaults:1 | Identified the +9 mace of Sumeaz {heavy, rN+}
 26922 | Vaults:1 | Reached skill level 21 in Poison Magic
 26934 | Vaults:1 | Was placed under penance by Jiyva
 27121 | Vaults:1 | Gained mutation: You occasionally shout uncontrollably at
                  | your foes. [the all-consuming vengeance of Jiyva]
 27121 | Vaults:1 | Gained mutation: You sometimes lose your temper in combat.
                  | [the all-consuming vengeance of Jiyva]
 27121 | Vaults:1 | Gained mutation: You have hidden genetic defects. [the
                  | all-consuming vengeance of Jiyva]
 27121 | Vaults:1 | Lost mutation: You are covered in slimy tendrils that may
                  | disarm your opponents. [the all-consuming vengeance of
                  | Jiyva]
 27194 | Vaults:1 | Was forgiven by Jiyva
 27372 | Vaults:1 | Noticed Saint Roka
 27387 | Vaults:1 | Killed Saint Roka
 27420 | Vaults:1 | Reached XP level 22. HP: 172/172 MP: 0/0
 27654 | Vaults:1 | Found Larekh's Jewellery Boutique.
 27662 | Vaults:1 | Bought the amulet of Midwinter {Will+++ Regen+} for 845
                  | gold pieces
 27762 | Vaults:1 | Gained mutation: You are dopey. (Int -2) [hidden defects]
 27779 | Vaults:1 | Lost mutation: You have a pair of horns on your head.
                  | [Jiyva's grace]
 27779 | Vaults:1 | Lost mutation: You have supernaturally acute eyesight.
                  | (SInv) [Jiyva's grace]
 27779 | Vaults:1 | Lost mutation: You are very agile. (Dex +8, Str/Int -2)
                  | [Jiyva's grace]
 27779 | Vaults:1 | Lost mutation: You sometimes lose your temper in combat.
                  | [Jiyva's grace]
 27779 | Vaults:1 | Lost mutation: You are dopey. (Int -2) [Jiyva's grace]
 27779 | Vaults:1 | Lost mutation: You have hidden genetic defects. [Jiyva's
                  | grace]
 27779 | Vaults:1 | Gained mutation: You are somewhat resistant to further
                  | mutation. [Jiyva's grace]
 27779 | Vaults:1 | Gained mutation: You are somewhat resistant to both further
                  | mutation and mutation removal. [Jiyva's grace]
 27779 | Vaults:1 | Gained mutation: You are almost entirely resistant to
                  | further mutation and mutation removal. [Jiyva's grace]
 27779 | Vaults:1 | Gained mutation: Armour fits poorly on your large
                  | pseudopods. [Jiyva's grace]
 28042 | Vaults:2 | Reached skill level 22 in Poison Magic
 28115 | Vaults:2 | Found a staircase to the Crypt.
 28297 | Vaults:2 | Noticed Margery
 28307 | Vaults:2 | Killed Margery
 28428 | Vaults:2 | Noticed Zenata
 28437 | Vaults:2 | Killed Zenata
 28932 | Vaults:2 | Found a runed translucent gate.
 28932 | Vaults:2 | Noticed Yptir's ghost (adept AtFE)
 28933 | Vaults:2 | Found a runed translucent gate.
 28933 | Vaults:2 | Found a runed translucent gate.
 28939 | Vaults:2 | Found the +3 hat of Pondering {ponderous, Will+ MP+10
                  | Int+5}
 28969 | Vaults:2 | Reached skill level 23 in Poison Magic
 28984 | Vaults:2 | Killed Yptir's ghost
 29321 | Vaults:3 | Lost mutation: You occasionally shout uncontrollably at
                  | your foes. [Jiyva's grace]
 29321 | Vaults:3 | Lost mutation: Your thick and shaggy fur keeps you warm.
                  | (AC +3, rC+) [Jiyva's grace]
 29321 | Vaults:3 | Lost mutation: Your spells are much harder to cast, but
                  | much more powerful. [Jiyva's grace]
 29321 | Vaults:3 | Lost mutation: Your spells are harder to cast, but more
                  | powerful. [Jiyva's grace]
 29321 | Vaults:3 | Lost mutation: You have a small jelly attached to you that
                  | may absorb projectiles. [Jiyva's grace]
 29321 | Vaults:3 | Lost mutation: Your melee attacks may engulf your foes in
                  | ooze. [Jiyva's grace]
 29321 | Vaults:3 | Gained mutation: Armour fits poorly on your massive
                  | pseudopods. [Jiyva's grace]
 29321 | Vaults:3 | Gained mutation: You are very agile. (Dex +8, Str/Int -2)
                  | [Jiyva's grace]
 29321 | Vaults:3 | Gained mutation: You are mostly covered in iridescent
                  | scales. (AC +4) [Jiyva's grace]
 29321 | Vaults:3 | Gained mutation: You are completely covered in iridescent
                  | scales. (AC +6) [Jiyva's grace]
 29571 | Vaults:3 | Identified the +5 battleaxe of the Spider Nest {antimagic,
                  | rC+ Int+4}
 29711 | Vaults:3 | Reached skill level 24 in Poison Magic
 29739 | Vaults:3 | Found Atulloe's Jewellery Boutique.
 29782 | Vaults:3 | Identified the +4 rapier "Olaugo Siwk" {freeze, Str+3 Int-2
                  | Stlth+}
 29851 | Vaults:3 | You are sucked into a shaft and drop 1 floor!
 29977 | Vaults:4 | Reached XP level 23. HP: 137/178 MP: 0/0
 29977 | Vaults:4 | Learned a level 7 spell: Malign Gateway
 29979 | Vaults:4 | Was placed under penance by Jiyva
 30155 | Vaults:4 | Was forgiven by Jiyva
 30214 | Vaults:4 | Found a crumbling gateway.
 31098 | Vaults:4 | Lost mutation: You have a pair of small horns on your head.
                  | [Jiyva's grace]
 31098 | Vaults:4 | Lost mutation: You are completely covered in iridescent
                  | scales. (AC +6) [Jiyva's grace]
 31098 | Vaults:4 | Lost mutation: You are very agile. (Dex +8, Str/Int -2)
                  | [Jiyva's grace]
 31098 | Vaults:4 | Lost mutation: You are almost entirely resistant to further
                  | mutation and mutation removal. [Jiyva's grace]
 31098 | Vaults:4 | Lost mutation: You are covered in thick fur. (AC +2)
                  | [Jiyva's grace]
 31098 | Vaults:4 | Lost mutation: Your muscles are strong. (Str +4, Int/Dex
                  | -1) [Jiyva's grace]
 31098 | Vaults:4 | Lost mutation: Your body has grown eyes which may confuse
                  | attackers. (Acc +3) [Jiyva's grace]
 31098 | Vaults:4 | Gained mutation: You passively map a small area around you.
                  | [Jiyva's grace]
 31098 | Vaults:4 | Gained mutation: You passively map the area around you.
                  | [Jiyva's grace]
 31098 | Vaults:4 | Gained mutation: You passively map a large area around you.
                  | [Jiyva's grace]
 31098 | Vaults:4 | Gained mutation: You are completely covered in iridescent
                  | scales. (AC +6) [Jiyva's grace]
 31220 | Vaults:5 | Entered Level 5 of the Vaults
 31223 | Vaults:5 | Reached skill level 25 in Poison Magic
 31361 | Vaults:5 | Noticed an ancient lich
 31365 | Vaults:5 | Reached skill level 26 in Poison Magic
 31578 | Vaults:5 | Noticed a golden dragon
 31589 | Vaults:5 | Killed a golden dragon
 31590 | Vaults:5 | Reached skill level 15 in Dodging
 31594 | Vaults:5 | Noticed a dread lich
 31624 | Vaults:5 | Killed a dread lich
 31662 | Vaults:5 | Killed an ancient lich
 31663 | Vaults:5 | Reached XP level 24. HP: 184/184 MP: 0/0
 31706 | Vaults:5 | Noticed a golden dragon
 31711 | Vaults:5 | Killed a golden dragon
 31772 | Vaults:5 | Noticed a golden dragon
 31777 | Vaults:5 | Killed a golden dragon
 31806 | Vaults:5 | Got a silver rune of Zot
 32047 | Vaults:5 | Noticed an ancient lich
 32073 | Vaults:5 | Killed an ancient lich
 32144 | Vaults:5 | Found the +8 Vampire's Tooth {megavamp}
 32186 | Vaults:5 | Identified the staff of poison "Axih" {rPois rF+ Will+}
 32411 | Crypt:1  | Entered Level 1 of the Crypt
 33144 | Depths:1 | Found a gateway to Hell.
 33300 | Depths:1 | Found a one-way gate to the infinite horrors of the Abyss.
 33404 | Depths:2 | Found a one-way gate leading to the halls of Pandemonium.
 33423 | Depths:2 | Noticed a caustic shrike
 33426 | Depths:2 | Noticed a caustic shrike
 33431 | Depths:2 | Killed a caustic shrike
 33434 | Depths:2 | Noticed a caustic shrike
 33437 | Depths:2 | Killed a caustic shrike
 33440 | Depths:2 | Killed a caustic shrike
 33461 | Depths:2 | Noticed a caustic shrike
 33469 | Depths:2 | Killed a caustic shrike
 33550 | Depths:2 | Found a stormy altar of Qazlal.
 33567 | Depths:2 | Found a one-way gateway to a ziggurat.
 33640 | Depths:2 | Lost mutation: You are completely covered in iridescent
                  | scales. (AC +6) [Jiyva's grace]
 33640 | Depths:2 | Lost mutation: You are mostly covered in iridescent scales.
                  | (AC +4) [Jiyva's grace]
 33640 | Depths:2 | Lost mutation: You passively map a large area around you.
                  | [Jiyva's grace]
 33640 | Depths:2 | Lost mutation: Armour fits poorly on your massive
                  | pseudopods. [Jiyva's grace]
 33640 | Depths:2 | Lost mutation: Armour fits poorly on your large pseudopods.
                  | [Jiyva's grace]
 33640 | Depths:2 | Gained mutation: Your mind is acute. (Int +4, Str/Dex -1)
                  | [Jiyva's grace]
 33640 | Depths:2 | Gained mutation: Your mind is very acute. (Int +8, Str/Dex
                  | -2) [Jiyva's grace]
 33640 | Depths:2 | Gained mutation: You have a pair of small horns on your
                  | head. [Jiyva's grace]
 33640 | Depths:2 | Gained mutation: You have a pair of horns on your head.
                  | [Jiyva's grace]
 33695 | Depths:2 | Identified the ring "Wochoke" {rC+ Str+2}
 33746 | Depths:2 | Identified the +5 scimitar "Xeis" {antimagic, rElec rCorr
                  | Str+5 Stlth-}
 33941 | Depths:2 | Found a shimmering altar of Xom.
 34047 | Depths:3 | Noticed the Enchantress
 34052 | Abyss:4  | Found a corrupted altar of Lugonu.
 34052 | Abyss:4  | Cast into level 4 of the Abyss (the Enchantress)
 34205 | Abyss:5  | Reached XP level 25. HP: 93/197 MP: 0/0
 34205 | Abyss:5  | Learned a level 8 spell: Infestation
 34222 | Abyss:5  | Noticed a dread lich
 34233 | Abyss:5  | Paralysed by accursed screaming for 1 turns
 34246 | Abyss:5  | HP: 4/198 [something (7)]
 34252 | Abyss:5  | Killed from afar by a Tzitzimitl

Illustrated notes

Levels and vault maps discovered:
D:1:      eino_arrival_cavern_e, layout_loops_cross
D:2:      layout_loops_ring, dreamdust_ecumenical_altar_statues,
          grunt_ministairs_1, dreamdust_princess_corridor,
          chequers_serial_rivers_marsh
D:3:      layout_rooms, tgw_xom, uniq_jessica
D:4:      layout_loops_ring
D:5:      layout_rooms, mainiacjoe_overflow_alcove_1, enter_ossuary_5,
          uniq_eustachio, uniq_pikel, uniq_edmund
D:6:      layout_basic, temple_hall, uniq_menkaure
D:7:      layout_layer_cave, fedhas_altar_decomposition, serial_park_tiny_pond,
          nicolae_shop_clearance, uniq_joseph
D:8:      nicolae_BIG_FREAKIN_CUBE, layout_gridville,
          nicolae_wu_jian_wuxing_cycle, ldierk_geyser
D:9:      layout_rooms, amcnicky_altar_gilded, enter_bailey_8,
          minmay_misc_feat_diagonals, uniq_psyche, uniq_prince_ribbit1
D:10:     layout_roguey, nemelex_spade_bored_becter,
          nicolae_ru_great_annihilating_truth, nicolae_trove_entry_diagonal,
          gammafunk_ghost_stat_death, uniq_fannar, uniq_snorg
D:11:     layout_irregular_city, erik_orc_4, serial_co_window_serial,
          co_window_paths_a, co_window_corner_a, co_window_of_opportunity_a,
          co_window_corner_a, co_window_paths_b, co_window_2corner,
          co_window_of_opportunity_b, co_window_of_opportunity_c,
          co_window_2corner, co_window_4corner_b, co_window_4corner_a,
          uniq_sonja
D:12:     layout_grid_maze, grunt_ministairs_7, bloody_trog, uniq_azrael
D:13:     layout_basic, grunt_vaults_entry_fortified,
          maelrawn_ghost_gauntlet_escape
D:14:     layout_stronghold, dk_noncrumbling_4
D:15:     hangedman_depths_entry_civil_slaughter, layout_basic,
          gauntlet_entry_generic, hangedman_abyss_or_decor_stabs, serial_undead,
          serial_undead_a, serial_undead_c, serial_undead_d, serial_undead_e
Lair:1:   layout_hall_layers, infiniplex_staircase_pool_2
Lair:2:   nzn_winding_woodlands_cross [nzn_winding_woodlands_5x15_default,
          nzn_winding_woodlands_5x15_longhouse,
          nzn_winding_woodlands_5x15_pathside_ponds,
          nzn_winding_woodlands_5x15_garden,
          nzn_winding_woodlands_15x15_five_gardens], layout_regular_city,
          dummy_spider_entry, minmay_lair_oklob_items, hibernation_bobbens
Lair:3:   layout_gridlike, minmay_swamp_entry_worms
Lair:4:   layout_cave_pods
Lair:5:   hangedman_lair_tendril_chambers, layout_big_grid,
          nicolae_slime_entry_slimehenge
Swamp:1:  layout_falls_marsh, ebering_ghost_xom, serial_swamp_ruin,
          hangedman_swamp_ruin_wall, evilmike_swamp_ruin_house_1, swamp_pool2,
          uniq_kirke
Swamp:2:  layout_falls_marsh, evilmike_swamp_ruin_house_5, uniq_frances
Swamp:3:  layout_basic_swamp, nicolae_swamp_treefoil, hangedman_swamp_pad,
          swamp_pool3, hangedman_swamp_ravenous
Swamp:4:  swamp_fiery, layout_basic_swamp, uniq_aizul
Spider:1: nicolae_spider_broodchamber, nicolae_looking_at_the_future
Spider:2: nicolae_spider_hilbert_zone_6 [nicolae_spider_hilbert_4_sides_1_open,
          nicolae_spider_hilbert_4_sides_1_open,
          nicolae_spider_hilbert_4_sides_1_open,
          nicolae_spider_hilbert_4_sides_1_open,
          nicolae_spider_hilbert_4_sides_1_open,
          nicolae_spider_hilbert_4_sides_1_open,
          nicolae_spider_hilbert_4_sides_1_open], hellmonk_motheaten_closet,
          uniq_roxanne, uniq_agnes
Spider:3: layout_spider_delve, portal_ice_cave_entry_pillars_2,
          nicolae_spider_cling_halls
Spider:4: spider_rune_water, uniq_arachne, uniq_mara
Slime:1:  layout_caves
Slime:2:  layout_caves, cheibrodos_slime_lost_civilization_5
Slime:3:  layout_caves, nicolae_slime_round_cave
Slime:4:  layout_caves
Slime:5
Orc:1:    layout_caves, david_defended_altar_orc
Orc:2:    st_orc_town, layout_caves, minmay_orc_temple_b
Elf:1:    nicolae_elf_arrival_fired_up, layout_loops_cross,
          minmay_elf_necromancy, grunt_ministairs_7, st_stairs_11
Elf:2:    nicolae_elf_blades_crystal_corner, layout_geoelf_diagonals,
          serial_shops, shop, nicolae_twisting_strands, glass_columns_b,
          nicolae_concentric_dashed_squares_wild, uniq_nikola
Elf:3:    minmay_elf_hall_circle, layout_geoelf_octagon, minmay_shop_star,
          uniq_donald
Vaults:1: nicolae_vaults_cochlea, nicolae_vaults_octothorpe,
          hangedman_vaults_river_flow, grunt_vaults_hallway_long, v_misc_30,
          nicolae_vaults_inception_statues, nicolae_vaults_alarming,
          nicolae_vaults_three_branches, vaults_dpeg_emergency_exit,
          nicolae_vaults_whirlpool_walls, nicolae_vaults_cochlea,
          nicolae_vaults_network_s, nicolae_vaults_little_ls, vaults_room_pools,
          layout_vaults_omnibox, serial_shops, shop, uniq_saint_roka
Vaults:2: biasface_ghost_orc_armoury, nicolae_vaults_hexular_roomagon,
          nicolae_vaults_asterisk, v_misc_12, hangedman_vaults_pinch,
          minmay_crypt_entry_simple_box, nicolae_vaults_big_angled_halls,
          ontoclasm_vaults_twist, kb_rosetta, nicolae_vaults_little_squares_4,
          v_pattern_4, ontoclasm_vaults_chip, nicolae_vaults_trapezoid_2,
          nicolae_vaults_network_square, grunt_vaults_hallway_long,
          layout_vaults_omnicross, uniq_margery, uniq_zenata
Vaults:3: nicolae_vaults_disjoint_gnomons, nicolae_vaults_c_with_doors,
          nicolae_vaults_closet_pinwheel_1, nicolae_vaults_little_squares_5,
          nicolae_vaults_weapon_check, nicolae_vaults_angled_halls, v_misc_5,
          nicolae_vaults_apartment_1, layout_vaults_big_room, serial_shops,
          nicolae_shop_tiny_waterfront
Vaults:4: portal_desolation_entry_ruin, ontoclasm_vaults_ring_small,
          dpeg_vaults_monster_box, v_alt_pattern_1, nicolae_vaults_wine_cellar,
          nicolae_vaults_spaceships, hangedman_vaults_stream, vaults_room_pools,
          layout_vaults_ring
Vaults:5
Crypt:1:  layout_chaotic_city, minmay_misc_feat_hallway
Depths:1: layout_gridville, minmay_misc_feat_five, grunt_hell_entry_dis_old,
          abyss_entry, minmay_tree_intersection, minmay_hedge_maze,
          chequers_serial_rivers_micro_a, nicolae_kite_square_tiling_tiny,
          minmay_misc_feat_pillars, hangedman_aviary
Depths:2: four-leaf_vault, layout_basic, enter_ziggurat_f, lemuel_doored_altar,
          pf_hell_entry_great_geh, rand_demon_pan_entry_3,
          argonaut_fire_from_heaven
Depths:3: minmay_open_boxes_in_corner, layout_cave_pools, grunt_mini_vestibule,
          serial_bayou_ford_a, abyss_entry, rand_demon_pan_entry_7, uniq_grunn,
          uniq_enchantress
Abyss:5:  base: Crypt:1, evilmike_nicolae_abyss_rune_containment_curve,
          evilmike_nicolae_abyss_rune_containment_curve,
          kilobyte_mutagenic_chamber, nicolae_abyss_rune_left_handed

Skill      XL: |  1  2  3  4  5  6  7  8  9 10 11 12 13 14 15 16 17 18 19 20 21 22 23 24 |
---------------+-------------------------------------------------------------------------+-----
Spellcasting   | 4 5 6 7 9 11 12 13 14 15 16 18 19 20 21 22 23 | 23.8
Conjurations   | 4 5 6 7 9 11 12 13 14 15 16 18 19 20 21 22 23 | 23.8
Hexes          | 4 5 6 7 9 11 12 13 14 15 16 18 19 20 21 22 23 | 23.8
Summonings     | 4 5 6 7 9 11 12 13 14 15 16 18 19 20 21 22 23 | 23.8
Necromancy     | 4 5 6 7 9 11 12 13 14 15 16 18 19 20 21 22 23 | 23.8
Translocations | 4 5 6 7 9 11 12 13 14 15 16 18 19 20 21 22 23 | 23.8
Transmutations | 4 5 6 7 9 11 12 13 14 15 16 18 19 20 21 22 23 | 23.8
Fire Magic     | 4 5 6 7 9 11 12 13 14 15 16 18 19 20 21 22 23 | 23.8
Ice Magic      | 4 5 6 7 9 11 12 13 14 15 16 18 19 20 21 22 23 | 23.8
Air Magic      | 4 5 6 7 9 11 12 13 14 15 16 18 19 20 21 22 23 | 23.8
Earth Magic    | 4 5 6 7 9 11 12 13 14 15 16 18 19 20 21 22 23 | 23.8
Poison Magic   | 4 5 6 7 9 11 12 13 14 15 16 18 19 20 21 24 26 | 26.3
Fighting       | 6 8 10 13 14 15 16 17 19 21 | 21.7
Dodging        | 11 13 14 15 16 | 16.6
Evocations     | 2 5 |  5.0
Shields        | 4 9 |  9.3
Stealth        | |  1.5

Action                     |  1- 3 |  4- 6 |  7- 9 | 10-12 | 13-15 | 16-18 | 19-21 | 22-24 | 25-27 || total
---------------------------+-------+-------+-------+-------+-------+-------+-------+-------+-------++-------
  Melee: Unarmed           |       |    21 |     2 |       |       |       |     6 |    33 |       ||    62
         Whip              |       |       |       |     1 |     2 |       |       |       |       ||     3
         Staff             |       |       |       |       |    17 |    10 |     7 |     9 |     2 ||    45
         Bite              |       |       |       |       |     2 |       |       |       |       ||     2
         Pseudopods        |       |       |       |       |     1 |       |       |     2 |     2 ||     5
         Headbutt          |       |       |       |       |       |       |     4 |     1 |     1 ||     6
   Cast: Magic Dart        |    60 |    17 |    17 |    22 |    11 |     4 |     3 |    30 |       ||   164
         Searing Ray       |       |     3 |     3 |     2 |       |     1 |       |     4 |       ||    13
         Foxfire           |       |    37 |    64 |    53 |    24 |    11 |     8 |     4 |       ||   201
         Call Imp          |       |     1 |     1 |     2 |     3 |     3 |       |       |       ||    10
         Fulminant Prism   |       |     5 |     6 |    68 |   167 |    95 |   137 |    48 |       ||   526
         Iskenderun's Myst |       |     2 |    39 |    52 |   113 |   103 |    83 |   110 |     2 ||   504
         Hailstorm         |       |       |    24 |    38 |    51 |    39 |    96 |    51 |       ||   299
         Tukima's Dance    |       |       |     2 |     4 |     1 |       |     4 |       |       ||    11
         Arcjolt           |       |       |       |       |    86 |   140 |    65 |    83 |     4 ||   378
         Orb of Destructio |       |       |       |       |       |    65 |    41 |   136 |       ||   242
         Metabolic Englaci |       |       |       |       |       |     1 |     2 |     1 |       ||     4
         Storm Form        |       |       |       |       |       |       |     3 |     6 |       ||     9
         Summon Horrible T |       |       |       |       |       |       |       |    26 |     1 ||    27
         Malign Gateway    |       |       |       |       |       |       |       |     3 |       ||     3
 Invoke: Oozemancy         |       |       |       |       |       |       |     1 |       |       ||     1
  Evoke: Wand              |       |       |       |       |       |       |       |     1 |       ||     1
    Use: Scroll            |       |     7 |     6 |     5 |    11 |     6 |     3 |     5 |     2 ||    45
         Potion            |       |       |       |     1 |       |     3 |     4 |     4 |     7 ||    19
   Stab: Distracted        |       |       |       |     1 |       |     1 |       |     2 |       ||     4
 Armour: Robe              |     1 |    16 |    31 |    22 |    57 |    74 |    43 |    61 |     9 ||   314
         Leather armour    |       |       |     3 |       |       |       |       |       |       ||     3
         Skin              |       |       |       |       |       |       |     9 |    18 |       ||    27
  Dodge: Dodged            |     4 |    37 |    45 |    57 |   280 |   260 |   209 |   264 |    18 ||  1174
         Repelled          |       |       |       |       |       |       |     7 |       |       ||     7
  Block: Kite shield       |       |       |       |       |       |       |    27 |   125 |    16 ||   168
         Reflection        |       |       |       |       |       |       |    13 |    45 |     1 ||    59

Table legend: (Time is in decaauts)
 A = Elapsed time spent in this place.
 B = Non-inter-level travel time spent in this place.
 C = Inter-level travel time spent in this place.
 D = Time resting spent in this place.
 E = Time spent auto-exploring this place.
 F = Levels seen in this place.
 G = Mean time per level.
                   A        B        C        D        E       F      G
               +--------+--------+--------+--------+--------+-----+--------+
         Total |  34301 |  31274 |   3027 |   2235 |  17814 |  51 |  672.6 |
       Dungeon |  11419 |  10178 |   1241 |    252 |   7379 |  15 |  761.3 |
          Lair |   3385 |   3062 |    323 |     23 |   1826 |   5 |  677.0 |
         Swamp |   3386 |   3216 |    170 |    990 |   1400 |   4 |  846.5 |
   Spider Nest |   3070 |   2791 |    279 |    148 |   1381 |   4 |  767.5 |
    Slime Pits |    653 |    515 |    138 |      0 |    413 |   5 |  130.6 |
  Orcish Mines |   1142 |    956 |    186 |      0 |    573 |   2 |  571.0 |
   Elven Halls |   2735 |   2627 |    108 |     99 |   1352 |   3 |  911.7 |
        Vaults |   5553 |   5071 |    482 |    469 |   2332 |   5 | 1110.6 |
         Crypt |     97 |     82 |     15 |      0 |      0 |   1 |   97.0 |
        Depths |   2058 |   1977 |     81 |    235 |   1049 |   3 |  686.0 |
         Abyss |    200 |    200 |      0 |     16 |      0 |   2 |  100.0 |
       Ossuary |    312 |    312 |      0 |      3 |      0 |   1 |  312.0 |
        Bailey |    287 |    287 |      0 |      0 |    109 |   1 |  287.0 |
               +--------+--------+--------+--------+--------+-----+--------+

Top non-repeatable levels by time:
 Swamp:3: 1577 daAuts
Vaults:2: 1292 daAuts
    D:12: 1124 daAuts
   Elf:3: 1110 daAuts
Vaults:3: 1090 daAuts
Vaults:1: 1076 daAuts
Vaults:4: 1060 daAuts
Depths:2: 1052 daAuts
Vaults:5: 1033 daAuts
     D:7: 1026 daAuts
    D:13: 1020 daAuts
Depths:1: 997 daAuts
  Lair:2: 981 daAuts
   Elf:2: 965 daAuts
Spider:4: 949 daAuts
